Map: Orbital Shipyard

Players

zelderan - Winner!

  • Race: Zerg Zerg
  • League: Silver

Slinky

  • Race: Zerg Zerg
  • League: Silver

VOD

Have the link to the VOD?

Description

Time

  • Played on: Sept. 18, 2015, 9:54 a.m.
  • Length: 8:28
Show
View Real Time Build Order
Export as new Build Order

zelderan Zerg - Winner!

Build Orders: Hatch First 

Get SALT Encoding   

  12  0:01  Drone  
  13  0:08  Drone  
  14  0:18  Overlord  
  14  0:26  Drone, Extractor  
  15  0:36  Drone x2  
  17  0:45  Drone  
  18  0:55  Hatchery  
  17  1:10  Spawning Pool  
  16  1:11  Extractor  
  16  1:14  Drone  
  16  1:25  Drone  
  16  1:26  Drone  
  16  1:31  Drone  
  19  1:38  Overlord  
  19  1:58  Queen  
  19  1:59  Zergling x2  
  22  2:07  Queen  
  24  2:09  Drone  
  24  2:11  Drone x2  
  27  2:26  Drone  
  27  2:27  Drone  
  29  2:32  Drone  
  29  2:34  Queen  
  29  2:36  Overlord  
  32  2:41  Metabolic Boost  
  32  2:42  Drone  
  33  2:45  Drone  
  34  2:54  Drone  
  35  3:07  Zergling x8  
  35  3:08  Zergling x6  
  42  3:13  Queen  
  42  3:14  Overlord  
  44  3:27  Overlord  
  44  3:38  Zergling x2  
  44  3:39  Zergling x8  
  49  3:47  Overlord  
  49  3:48  Overlord  
  49  3:56  Zergling x14  
  49  3:57  Zergling x2  
  52  4:21  Lair  
  52  4:25  Drone x8, Roach Warren  
  59  4:40  Drone, Extractor  
  59  4:50  Overlord  
  59  5:02  Drone x2  
  59  5:03  Drone x2  
  59  5:06  Overlord  
  63  5:25  Glial Reconstitution  
  63  5:27  Evolution Chamber  
  62  5:30  Extractor  
  62  5:31  Overseer, Extractor  
  62  5:33  Roach x2  
  62  5:34  Roach x2  
  68  5:48  Overlord  
  74  5:50  Roach x4  
  76  6:03  Overlord x2  
  76  6:04  Overlord  
  76  6:08  Roach x3  
  82  6:18  Roach  
  84  6:21  Zerg Missile Weapons Level 1  
  84  6:27  Drone x4  
  84  6:28  Drone  
  84  6:29  Overlord  
  89  6:33  Roach x2  
  89  6:34  Roach x3  
  99  6:44  Infestation Pit  
  99  6:46  Hydralisk Den  
  98  6:55  Roach x4  
  104  7:04  Hatchery  
  99  7:10  Roach x4  
  99  7:11  Roach x2  
  110  7:20  Roach  
  110  7:21  Roach x4  
  112  7:29  Roach x2  
  113  7:34  Roach x3  
  113  7:36  Zergling x2  
  98  7:55  Zergling x8  
  96  8:05  Roach x2  
Show
View Real Time Build Order
Export as new Build Order

Slinky Zerg 

Build Orders: Pool First 

Get SALT Encoding   

  12  0:01  Drone  
  13  0:08  Drone  
  14  0:18  Overlord  
  14  0:22  Extractor  
  14  0:23  Drone  
  14  0:45  Spawning Pool  
  14  0:46  Drone x2  
  15  0:51  Drone  
  15  0:56  Drone  
  17  1:09  Drone  
  18  1:21  Drone  
  19  1:31  Hatchery  
  18  1:40  Queen  
  20  1:54  Roach Warren  
  19  2:15  Drone x2  
  19  2:22  Overlord  
  21  2:39  Drone  
  21  2:41  Roach  
  21  2:43  Queen  
  26  2:50  Roach x4  
  26  2:51  Roach  
  36  2:56  Overlord  
  36  3:11  Overlord  
  36  3:28  Roach x4  
  44  3:36  Overlord x2  
  44  3:39  Drone x2  
  46  3:54  Drone x4  
  50  4:01  Drone  
  51  4:05  Drone x4  
  51  4:06  Drone  
  56  4:15  Drone x4  
  60  4:18  Drone  
  61  4:28  Queen  
  63  4:32  Extractor  
  63  4:36  Extractor  
  61  4:41  Drone x3, Extractor  
  63  4:58  Lair  
  63  5:11  Roach x2  
  63  5:13  Overlord x2  
  63  5:14  Overlord  
  67  5:23  Hatchery  
  67  5:27  Roach  
  68  5:58  Spire  
  67  6:39  Hatchery  
  66  6:48  Overlord, Roach x11  
  66  6:49  Overlord x7  
  88  6:58  Roach x2  
  91  7:07  Roach x12  
  90  7:18  Roach x3  
  88  7:24  Roach x2  
  70  7:40  Roach x2  
  60  7:49  Roach x2  
  60  7:55  Roach x2  
  58  8:04  Roach  
  54  8:08  Roach  
Tags
 
Add a new tag
Caveats
  • Supply blocks, unpowered buildings, or Contaminate may cause inaccurate times.
  • Supply counts are checked every 10 seconds.